NCAA
SETON HALL PIRATES @ PITTSBURGH PANTHERS
05/22/2025
 
TOP OF THE 1ST
Seton Hall Pirates batting - Pitching for Pittsburgh Panthers : RHP José Rivera
Pitching: RHP José Rivera
Batting: SHB Júlio Romano 0-0: Called Strike
0-1: SINGLE (Line Drive, 6D)
Batting: RHB Jorge Flores 0-0: Ball
1-0: DOUBLE (Flyball, 8RXD)
Júlio Romano to third
Runner from 3rd tries for Home, SAFE, no throw or cutoff
Batting: LHB Al Gaines 0-0: Ball
1-0: Called Strike
1-1: Foul Ball, location: 2F
1-2: Fly out, F8 (Flyball, 8LM)
Batting: RHB Jim Doyle 0-0: Fly out, F8 (Flyball, 8LM)
Batting: RHB Juan Hinojosa 0-0: Ball
1-0: Ball
2-0: Called Strike
2-1: Called Strike
2-2: Strikes out swinging
Top of the 1st over - 1 run(s), 2 hit(s), 0 error(s), 1 left on base; Seton Hall 1 - Pittsburgh 0
BOTTOM OF THE 1ST
Pittsburgh Panthers batting - Pitching for Seton Hall Pirates : LHP Todd Anderson
Pitching: LHP Todd Anderson
Batting: RHB Jaime Delgado 0-0: Bunt for hit - play at first, batter OUT! 1-3
Batting: RHB Félix Ruíz 0-0: Ball
1-0: SINGLE (Groundball, 5D)
Batting: LHB Michael Melton 0-0: Called Strike
0-1: Foul Ball, location: 2F
0-2: Foul Ball, location: 2F
0-2: Ball
1-2: Foul Ball, location: 2F
1-2: Strikes out swinging
Batting: RHB Rob Gilbert 0-0: Swinging Strike
0-1: Fly out, F7 (Flyball, 7M)
Bottom of the 1st over - 0 run(s), 1 hit(s), 0 error(s), 1 left on base; Seton Hall 1 - Pittsburgh 0
TOP OF THE 2ND
Seton Hall Pirates batting - Pitching for Pittsburgh Panthers : RHP José Rivera
Batting: RHB Evan Morris 0-0: Fly out, F8 (Flyball, 89XD)
Batting: LHB Hamilton Hughes 0-0: Ball
1-0: Ball
2-0: Ball
3-0: Called Strike
3-1: Base on Balls
Batting: SHB Carlton Moreno 0-0: Ball
1-0: Fly out, F7 (Flyball, 7M)
Batting: SHB Eduardo Sánchez 0-0: Called Strike
0-1: Ball
1-1: Foul Ball, location: 2F
1-2: Foul Ball, location: 2F
1-2: Strikes out swinging
Top of the 2nd over - 0 run(s), 0 hit(s), 0 error(s), 1 left on base; Seton Hall 1 - Pittsburgh 0
BOTTOM OF THE 2ND
Pittsburgh Panthers batting - Pitching for Seton Hall Pirates : LHP Todd Anderson
Batting: RHB Ismael Ortíz 0-0: Ball
1-0: Called Strike
1-1: Called Strike
1-2: Foul Ball, location: 2F
1-2: Ball
2-2: Strikes out swinging
Batting: RHB Henry Edwards 0-0: SINGLE (Line Drive, 7LS)
Batting: RHB Pete Woods 0-0: Ball
1-0: Foul Ball, location: 2F
1-1: Ball
2-1: SINGLE (Line Drive, 4M)
Henry Edwards to second
Batting: RHB Todd Noone 0-0: Ball
1-0: Ball
2-0: Called Strike
2-1: Grounds into double play, 1-6-3 (Groundball, 13)
Bottom of the 2nd over - 0 run(s), 2 hit(s), 0 error(s), 1 left on base; Seton Hall 1 - Pittsburgh 0
TOP OF THE 3RD
Seton Hall Pirates batting - Pitching for Pittsburgh Panthers : RHP José Rivera
Batting: SHB Júlio Romano 0-0: Swinging Strike
0-1: Ball
1-1: Called Strike
1-2: Ball
2-2: Fly out, F6 (Popup, 8LS)
Batting: RHB Jorge Flores 0-0: Called Strike
0-1: Called Strike
0-2: Strikes out swinging
Batting: LHB Al Gaines 0-0: SINGLE (Groundball, 34D)
Batting: RHB Jim Doyle 0-0: Ball
1-0: Fielders Choice at 2nd, 6-4 (Groundball, 6)
Top of the 3rd over - 0 run(s), 1 hit(s), 0 error(s), 0 left on base; Seton Hall 1 - Pittsburgh 0
BOTTOM OF THE 3RD
Pittsburgh Panthers batting - Pitching for Seton Hall Pirates : LHP Todd Anderson
Batting: SHB Tim Mullen 0-0: Ground out 4-3 (Groundball, 4M)
Batting: RHB Jaime Delgado 0-0: Called Strike
0-1: Ball
1-1: Swinging Strike
1-2: Ball
2-2: Strikes out swinging
Batting: RHB Félix Ruíz 0-0: Ball
1-0: Called Strike
1-1: Ball
2-1: Ball
3-1: SINGLE (Line Drive, 8LS)
Batting: LHB Michael Melton 0-0: Foul Ball, location: 2F
0-1: Swinging Strike
0-2: Strikes out swinging
Bottom of the 3rd over - 0 run(s), 1 hit(s), 0 error(s), 1 left on base; Seton Hall 1 - Pittsburgh 0
TOP OF THE 4TH
Seton Hall Pirates batting - Pitching for Pittsburgh Panthers : RHP José Rivera
Batting: RHB Juan Hinojosa 0-0: Ball
1-0: Ball
2-0: Fly out, F5 (Line Drive, 5)
Batting: RHB Evan Morris 0-0: Ball
1-0: Foul Ball, location: 2F
1-1: Foul Ball, location: 2F
1-2: Foul Ball, location: 2F
1-2: Reached on error, E6 (Groundball, 6M)
Batting: LHB Hamilton Hughes 0-0: Called Strike
0-1: Ball
1-1: Swinging Strike
1-2: Ball
2-2: Strikes out looking
Batting: SHB Carlton Moreno 0-0: Called Strike
0-1: Ball
1-1: Foul Ball, location: 2F
1-2: Strikes out swinging
Top of the 4th over - 0 run(s), 0 hit(s), 1 error(s), 1 left on base; Seton Hall 1 - Pittsburgh 0
BOTTOM OF THE 4TH
Pittsburgh Panthers batting - Pitching for Seton Hall Pirates : LHP Todd Anderson
Batting: RHB Rob Gilbert 0-0: Ball
1-0: Foul Ball, location: 2F
1-1: Ball
2-1: Ground out 5-3 (Groundball, 5L)
Batting: RHB Ismael Ortíz 0-0: Called Strike
0-1: Ball
1-1: Ball
2-1: Swinging Strike
2-2: Foul Ball, location: 2F
2-2: Foul Ball, location: 2F
2-2: Strikes out swinging
Batting: RHB Henry Edwards 0-0: Ball
1-0: Ball
2-0: Ball
3-0: Called Strike
3-1: Called Strike
3-2: Foul Ball, location: 2F
3-2: Foul Ball, location: 2F
3-2: Ground out 6-3 (Groundball, 6)
Bottom of the 4th over - 0 run(s), 0 hit(s), 0 error(s), 0 left on base; Seton Hall 1 - Pittsburgh 0
TOP OF THE 5TH
Seton Hall Pirates batting - Pitching for Pittsburgh Panthers : RHP José Rivera
Batting: SHB Eduardo Sánchez 0-0: Swinging Strike
0-1: Ball
1-1: Foul Ball, location: 2F
1-2: Strikes out swinging
Batting: SHB Júlio Romano 0-0: Foul Ball, location: 2F
0-1: Ball
1-1: Foul Ball, location: 2F
1-2: Foul Ball, location: 2F
1-2: Foul Ball, location: 2F
1-2: SINGLE (Groundball, 13) (infield hit)
Batting: RHB Jorge Flores 0-0: SINGLE (Groundball, 4MD)
Júlio Romano to second
Batting: LHB Al Gaines 0-0: Ball
1-0: Ball
2-0: Ball
Jorge Flores is caught stealing 2nd base
3-0: Called Strike
3-1: Fly out, F5 (Popup, 5DF)
Top of the 5th over - 0 run(s), 2 hit(s), 0 error(s), 1 left on base; Seton Hall 1 - Pittsburgh 0
BOTTOM OF THE 5TH
Pittsburgh Panthers batting - Pitching for Seton Hall Pirates : LHP Todd Anderson
Batting: RHB Pete Woods 0-0: Ball
1-0: Foul Ball, location: 2F
1-1: Ball
2-1: Foul Ball, location: 2F
2-2: Reached on error, E5 (Groundball, 5S)
Batting: RHB Todd Noone 0-0: Ball
1-0: Called Strike
1-1: Ball
2-1: Foul Ball, location: 2F
2-2: Ball
3-2: Base on Balls
Pete Woods to second
Batting: SHB Tim Mullen 0-0: Ball
1-0: Ball
2-0: Called Strike
2-1: Ball
3-1: Swinging Strike
3-2: Base on Balls
Pete Woods to third
Todd Noone to second
Pitching: RHP Ron McCullough
Batting: RHB Jaime Delgado 0-0: Ball
1-0: Foul Ball, location: 2F
1-1: Fielders Choice at 2nd, 5-4 (Groundball, 56)
Pete Woods scores
Todd Noone to third
Batting: RHB Félix Ruíz 0-0: Called Strike
0-1: Ball
1-1: Ball
2-1: Called Strike
2-2: Foul Ball, location: 2F
2-2: SINGLE (Groundball, 3D)
Todd Noone scores
Jaime Delgado to second
Throwing error, E9
Jaime Delgado scores
Félix Ruíz to second
Batting: LHB Michael Melton 0-0: Ball
1-0: Ball
2-0: Ball
3-0: Called Strike
3-1: 2-RUN HOME RUN (Line Drive, 9D), Distance : 371 ft
Batting: RHB Rob Gilbert 0-0: Foul Ball, location: 2F
0-1: Called Strike
0-2: Ball
1-2: Ball
2-2: Foul Ball, location: 2F
2-2: Foul Ball, location: 2F
2-2: Foul Ball, location: 2F
2-2: Ball
3-2: Base on Balls
Batting: RHB Ismael Ortíz 0-0: Ball
1-0: Foul Ball, location: 2F
1-1: Foul Ball, location: 2F
1-2: Strikes out swinging
Batting: RHB Henry Edwards 0-0: Ball
1-0: Called Strike
1-1: Foul Ball, location: 2F
1-2: SINGLE (Line Drive, 56)
Rob Gilbert to second
Batting: RHB Pete Woods 0-0: Foul Ball, location: 2F
0-1: Swinging Strike
0-2: Ball
1-2: Ball
2-2: Foul Ball, location: 2F
2-2: Ground out 1-3 (Groundball, 23)
Bottom of the 5th over - 5 run(s), 3 hit(s), 2 error(s), 2 left on base; Seton Hall 1 - Pittsburgh 5
TOP OF THE 6TH
Seton Hall Pirates batting - Pitching for Pittsburgh Panthers : RHP José Rivera
Batting: RHB Jim Doyle 0-0: Swinging Strike
0-1: Foul Ball, location: 2F
0-2: Ball
1-2: SINGLE (Groundball, 15S) (infield hit)
Batting: RHB Juan Hinojosa 0-0: Ball
1-0: Ball
Jim Doyle steals 2nd base
2-0: Fly out, F4 (Popup, 34D)
Batting: RHB Evan Morris 0-0: Called Strike
0-1: Swinging Strike
0-2: Ball
1-2: Ball
2-2: Ball
3-2: Fly out, F9 (Flyball, 89M)
Pitching: RHP Floyd Tidmarch
Batting: LHB Hamilton Hughes 0-0: 2-RUN HOME RUN (Flyball, 8RXD), Distance : 407 ft
Batting: SHB Carlton Moreno 0-0: Called Strike
0-1: DOUBLE (Groundball, 3L)
Batting: SHB Eduardo Sánchez 0-0: Called Strike
0-1: Swinging Strike
0-2: Strikes out swinging
Top of the 6th over - 2 run(s), 3 hit(s), 0 error(s), 1 left on base; Seton Hall 3 - Pittsburgh 5
BOTTOM OF THE 6TH
Pittsburgh Panthers batting - Pitching for Seton Hall Pirates : RHP Ron McCullough
Pitching: RHP Francisco Villanueva
Batting: RHB Todd Noone 0-0: Called Strike
0-1: Swinging Strike
0-2: Strikes out looking
Batting: SHB Tim Mullen 0-0: Foul Ball, location: 2F
0-1: Ball
1-1: Ball
2-1: Ball
3-1: Swinging Strike
3-2: Strikes out swinging
Batting: RHB Jaime Delgado 0-0: Foul Ball, location: 2F
0-1: Ball
1-1: Ball
2-1: Fly out, F6 (Popup, 6M)
Bottom of the 6th over - 0 run(s), 0 hit(s), 0 error(s), 0 left on base; Seton Hall 3 - Pittsburgh 5
TOP OF THE 7TH
Seton Hall Pirates batting - Pitching for Pittsburgh Panthers : RHP Floyd Tidmarch
Batting: SHB Júlio Romano 0-0: Foul Ball, location: 2F
0-1: Foul Ball, location: 2F
0-2: Foul Ball, location: 2F
0-2: SINGLE (Line Drive, 6MD)
Batting: RHB Jorge Flores 0-0: Foul Ball, location: 2F
0-1: Foul Ball, location: 2F
0-2: Ground out 6-3 (Groundball, 6)
Júlio Romano to second
Batting: LHB Al Gaines 0-0: Called Strike
0-1: Foul Ball, location: 2F
0-2: Strikes out swinging
Batting: RHB Jim Doyle 0-0: Swinging Strike
0-1: Swinging Strike
0-2: Strikes out swinging
Top of the 7th over - 0 run(s), 1 hit(s), 0 error(s), 1 left on base; Seton Hall 3 - Pittsburgh 5
BOTTOM OF THE 7TH
Pittsburgh Panthers batting - Pitching for Seton Hall Pirates : RHP Francisco Villanueva
Batting: RHB Félix Ruíz 0-0: Swinging Strike
0-1: Ball
1-1: Ball
2-1: Foul Ball, location: 2F
2-2: Strikes out swinging
Batting: LHB Michael Melton 0-0: Foul Ball, location: 2F
0-1: Foul Ball, location: 2F
0-2: SINGLE (Groundball, 6MD)
Batting: RHB Rob Gilbert 0-0: DOUBLE (Line Drive, 5L)
Michael Melton to third
Batting: RHB Ismael Ortíz 0-0: Intentional Walk
Batting: RHB Henry Edwards 0-0: Ball
1-0: Ball
2-0: Called Strike
2-1: Ball
3-1: Called Strike
3-2: Fly out, F8 (Flyball, 8LS)
Pitching: RHP Dylan Chapman
Batting: RHB Pete Woods 0-0: Called Strike
0-1: Ball
Wild Pitch!
Michael Melton scores
Rob Gilbert to third
Ismael Ortíz to second
1-1: Swinging Strike
1-2: Ball
2-2: Fly out, F8 (Line Drive, 8RM)
Bottom of the 7th over - 1 run(s), 2 hit(s), 0 error(s), 2 left on base; Seton Hall 3 - Pittsburgh 6
TOP OF THE 8TH
Seton Hall Pirates batting - Pitching for Pittsburgh Panthers : RHP Floyd Tidmarch
Batting: RHB Juan Hinojosa 0-0: Ball
1-0: Foul Ball, location: 2F
1-1: Fly out, F8 (Flyball, 8LXD)
Batting: RHB Evan Morris 0-0: Foul Ball, location: 2F
0-1: Ball
1-1: Called Strike
1-2: Fly out, F8 (Flyball, 8RM)
Batting: LHB Hamilton Hughes 0-0: Fly out, F7 (Flyball, 7LM)
Top of the 8th over - 0 run(s), 0 hit(s), 0 error(s), 0 left on base; Seton Hall 3 - Pittsburgh 6
BOTTOM OF THE 8TH
Pittsburgh Panthers batting - Pitching for Seton Hall Pirates : RHP Dylan Chapman
Batting: RHB Todd Noone 0-0: Ground out 5-3 (Groundball, 5L)
Batting: SHB Tim Mullen 0-0: Ball
1-0: Called Strike
1-1: Ball
2-1: Foul Ball, location: 2F
2-2: Foul Ball, location: 2F
2-2: Strikes out swinging
Batting: RHB Jaime Delgado 0-0: Ball
1-0: Foul Ball, location: 2F
1-1: Bunt for hit - play at first, batter OUT! 1-3
Bottom of the 8th over - 0 run(s), 0 hit(s), 0 error(s), 0 left on base; Seton Hall 3 - Pittsburgh 6
TOP OF THE 9TH
Seton Hall Pirates batting - Pitching for Pittsburgh Panthers : RHP Floyd Tidmarch
Pitching: RHP Dusty Lester
Batting: SHB Carlton Moreno 0-0: Ground out 5-3 (Groundball, 56S)
Batting: SHB Eduardo Sánchez 0-0: Ball
1-0: Called Strike
1-1: SINGLE (Groundball, 5S)
Batting: SHB Júlio Romano 0-0: Called Strike
0-1: Fielders Choice at 2nd, U6 (Groundball, 6M)
Batting: RHB Jorge Flores 0-0: Ball
1-0: Ball
2-0: 2-RUN HOME RUN (Flyball, 7LD), Distance : 313 ft
Batting: LHB Al Gaines 0-0: Called Strike
0-1: Called Strike
0-2: Ball
1-2: Foul Ball, location: 2F
1-2: Ball
2-2: Strikes out swinging
Top of the 9th over - 2 run(s), 2 hit(s), 0 error(s), 0 left on base; Seton Hall 5 - Pittsburgh 6
This league is powered by Out of the Park Baseball, the baseball management simulation game for PC, Mac and Linux
Tuesday, August 2nd, 2016 - OOTP Baseball 16.8 Build 38